Map: Ruins of Endion

Players

EatsRainbows

  • Race: Protoss Protoss
  • League: Gold

Polarisbear - Winner!

  • Race: Zerg Zerg
  • League: Gold

VOD

Have the link to the VOD?

Description

Time

  • Played on: May 18, 2016, 3:53 a.m.
  • Length: 9:59
Show
View Real Time Build Order
Export as new Build Order

EatsRainbows Protoss 

Build Orders: 1 Gate Expand 

Get SALT Encoding   

  12  0:01  Probe (Chrono Boost)  
  13  0:11  Probe (Chrono Boost)  
  14  0:20  Pylon  
  14  0:23  Probe (Chrono Boost)  
  15  0:38  Probe (Chrono Boost)  
  15  0:39  Gateway  
  16  0:48  Probe (Chrono Boost)  
  17  0:50  Assimilator  
  17  0:59  Probe (Chrono Boost)  
  18  1:10  Probe (Chrono Boost)  
  19  1:26  Nexus  
  19  1:29  Probe (Chrono Boost)  
  20  1:39  Assimilator  
  20  1:46  Cybernetics Core  
  20  1:49  Probe (Chrono Boost)  
  21  1:58  Pylon  
  21  2:03  Probe (Chrono Boost)  
  22  2:13  Probe (Chrono Boost)  
  23  2:24  Probe (Chrono Boost)  
  23  2:25  Twilight Council  
  23  2:29  Warp Gate  
  24  2:35  Mothership Core (Chrono Boost)  
  28  2:37  Adept  
  28  2:43  Probe (Chrono Boost)  
  29  2:53  Assimilator, Probe (Chrono Boost)  
  29  2:54  Probe (Chrono Boost)  
  31  3:03  Resonating Glaives (Chrono Boost)  
  31  3:06  Gateway  
  31  3:15  Forge  
  31  3:17  Probe (Chrono Boost)  
  32  3:26  Probe (Chrono Boost)  
  33  3:29  Adept  
  33  3:31  Probe (Chrono Boost)  
  36  3:36  Probe  
  37  3:41  Gateway  
  37  3:47  Pylon  
  36  3:58  Protoss Ground Weapons Level 1 (Chrono Boost)  
  36  3:59  Adept  
  38  4:05  Gateway  
  38  4:06  Probe  
  38  4:09  Gateway  
  39  4:10  Probe  
  40  4:21  Probe  
  41  4:25  Assimilator  
  41  4:26  Probe  
  42  4:32  Probe  
  43  4:40  Adept  
  43  4:42  Pylon  
  45  4:45  Pylon  
  45  5:01  Adept  
  45  5:02  Adept x2  
  45  5:05  Probe  
  51  5:07  Probe  
  51  5:13  Robotics Facility  
  53  5:14  Robotics Facility  
  53  5:16  Probe  
  54  5:24  Probe  
  54  5:26  Probe  
  56  5:36  Probe  
  56  5:37  Probe  
  58  5:47  Stalker x2  
  62  5:59  Pylon  
  62  6:08  Robotics Bay  
  62  6:12  Pylon  
  62  6:17  Observer, Immortal  
  67  6:26  Protoss Ground Weapons Level 2 (Chrono Boost)  
  67  6:31  Pylon  
  67  6:34  Stalker x3  
  67  6:35  Stalker, Pylon  
  67  6:39  Observer  
  76  6:47  Probe  
  76  6:49  Probe  
  76  6:52  Stalker  
  80  6:56  Disruptor  
  80  6:59  Disruptor  
  80  7:00  Stalker  
  88  7:08  Stalker x2  
  92  7:31  Adept  
  94  7:39  Templar Archives  
  93  7:48  Nexus  
  93  7:51  Pylon  
  93  7:53  Pylon  
  93  7:55  Warp Prism, Pylon  
  94  8:09  Disruptor  
  97  8:15  High Templar x3  
  103  8:20  Archon  
  103  8:31  Disruptor  
  106  8:39  Pylon  
  106  8:40  Pylon  
  106  8:41  Pylon  
  68  9:20  Stalker x3  
  65  9:28  Stalker x2  
  56  9:39  Stalker x2  
Show
View Real Time Build Order
Export as new Build Order

Polarisbear Zerg - Winner!

Build Orders: Hatch First, Muta Ling Bane 

Get SALT Encoding   

  12  0:01  Drone  
  13  0:08  Drone  
  14  0:17  Overlord  
  14  0:36  Drone  
  14  0:37  Drone x2  
  17  0:54  Hatchery  
  16  0:57  Drone  
  16  1:01  Drone  
  18  1:05  Extractor  
  17  1:16  Spawning Pool  
  16  1:19  Drone  
  16  1:22  Drone  
  18  1:32  Drone  
  19  1:41  Overlord  
  19  1:53  Drone  
  20  2:03  Queen  
  20  2:06  Queen  
  20  2:08  Metabolic Boost  
  24  2:13  Zergling x4  
  26  2:17  Drone  
  26  2:19  Drone  
  28  2:36  Drone x2  
  30  2:42  Queen  
  32  2:44  Pneumatized Carapace  
  32  2:47  Overlord  
  32  2:53  Drone x2  
  34  2:59  Drone x2  
  34  3:04  Overlord  
  36  3:25  Drone x3  
  39  3:28  Zergling x2  
  39  3:34  Overlord x2  
  40  3:35  Drone x2  
  40  3:36  Drone  
  43  3:57  Roach Warren  
  43  4:01  Extractor  
  41  4:12  Hatchery  
  41  4:14  Drone x2  
  41  4:15  Drone x5  
  47  4:23  Lair  
  47  4:27  Drone x3  
  47  4:28  Drone  
  47  4:30  Overlord  
  51  4:37  Roach  
  53  4:47  Spore Crawler  
  53  4:50  Spore Crawler  
  53  4:51  Roach  
  53  4:52  Roach x6  
  65  5:06  Roach  
  65  5:07  Roach x2  
  71  5:12  Overlord x2, Extractor, Drone  
  71  5:13  Overlord  
  71  5:21  Extractor  
  70  5:30  Zergling x2, Baneling Nest  
  70  5:31  Zergling x12  
  72  5:58  Drone x4  
  72  5:59  Drone x9  
  72  6:00  Queen  
  87  6:12  Evolution Chamber  
  87  6:16  Evolution Chamber  
  85  6:22  Spine Crawler  
  85  6:25  Glial Reconstitution  
  84  6:28  Roach  
  84  6:29  Roach x5  
  84  6:30  Zergling x2  
  97  6:41  Overseer x2  
  97  6:43  Drone x7  
  104  6:55  Zerg Missile Weapons Level 1  
  104  6:56  Zerg Ground Armor Level 1  
  104  7:07  Spire  
  103  7:09  Drone x3  
  103  7:11  Overlord  
  103  7:12  Overlord x2  
  103  7:15  Extractor  
  105  7:17  Extractor  
  104  7:27  Centrifical Hooks  
  104  7:28  Zergling x2  
  104  7:29  Zergling x4  
  111  7:30  Zergling x10, Overlord  
  111  7:31  Zergling x2  
  113  7:45  Queen  
  115  7:52  Drone  
  115  7:53  Drone x6  
  122  8:05  Baneling  
  122  8:06  Baneling x16  
  122  8:07  Baneling  
  122  8:11  Hatchery  
  121  8:20  Mutalisk x4  
  121  8:24  Overlord  
  129  8:36  Zergling x2  
  129  8:39  Overlord x2  
  129  8:40  Overlord x4  
  125  8:51  Zergling x2  
  125  8:52  Zergling x14  
  133  8:56  Mutalisk  
  133  8:59  Zergling x2  
  136  9:04  Mutalisk  
  137  9:12  Mutalisk x2  
  137  9:15  Zergling x2  
  131  9:27  Zergling x10  
  131  9:28  Zergling x2  
  131  9:29  Mutalisk  
Tags
 
Add a new tag
Caveats
  • Supply blocks, unpowered buildings, or Contaminate may cause inaccurate times.
  • Supply counts are checked every 10 seconds.